 Dungeon Crawl Stone Soup version 0.17.1-3-g152610e (webtiles) character file.

308 Kokonut the Slasher (level 6, -2/79 HPs)
             Began as a Centaur Berserker on Mar 13, 2016.
             Was a Priest of Trog.
             Slain by an orc
             ... wielding a +0 hand axe
              (4 damage)
             ... on level 4 of the Dungeon.
             The game lasted 00:07:31 (2648 turns).

Kokonut the Slasher (Centaur Berserker)             Turns: 2648, Time: 00:07:32

Health: -2/79      AC:  4    Str: 25    XL:     6   Next: 17%
Magic:  6/6        EV:  9    Int:  6    God:    Trog [***...]
Gold:   155        SH:  0    Dex: 10    Spells: 0 memorised, 5 levels left

rFire  . . .     SeeInvis .     a - +0 falchion
rCold  . . .     Clarity  .     b - +0 animal skin
rNeg   . . .     SustAt   .     (no shield)
rPois  .         Gourm    .     (no helmet)
rElec  .         Spirit   .     (no cloak)
rCorr  .         Warding  .     (no gloves)
rMut   .         Stasis   .     (no barding)
MR     .....                    (no amulet)
Stlth  ..........               (no ring)
                                (no ring)

@: berserking, very quick, not resistant to hostile enchantments, extremely
unstealthy
A: hooves 3, deformed body, speed 2, tough skin 3
a: Berserk, Trog's Hand, Burn Spellbooks, Renounce Religion


You were on level 4 of the Dungeon.
You worshipped Trog.
Trog was most pleased with you.
You were hungry.

You visited 1 branch of the dungeon, and saw 4 of its levels.

You collected 155 gold pieces.

Inventory:

Hand Weapons
 a - a +0 falchion (weapon)
Missiles
 v - 20 arrows of flame
 w - 9 arrows
Armour
 b - a +0 animal skin (worn)
Jewellery
 d - an uncursed ring of flight {unknown}
 j - a cursed -2 ring of dexterity {unknown}
 l - an uncursed amulet of regeneration {unknown}
Scrolls
 e - 2 scrolls of identify {unknown}
 h - a scroll of immolation {unknown}
 m - 2 scrolls of enchant weapon {unknown}
 p - a scroll of fog {unknown}
 u - a scroll of enchant armour {unknown}
Potions
 f - 2 potions of degeneration {unknown}
 g - 2 potions of heal wounds {unknown}
 i - a potion of magic {unknown}
 n - a potion of invisibility {unknown}
 o - a potion of lignification {unknown}
 q - a potion of resistance {unknown}
 r - a potion of might {unknown}
 t - 2 potions of curing {unknown}
 x - a potion of flight {unknown}
Comestibles
 c - 2 bread rations
 k - 3 meat rations
 s - 3 chunks of flesh


   Skills:
 + Level 4.7 Fighting
 + Level 5.1 Long Blades
 - Level 1.3 Armour
 - Level 1.3 Dodging
 + Level 0.8 Stealth


You had 5 spell levels left.
You didn't know any spells.

Dungeon Overview and Level Annotations

Branches:
Dungeon (4/15)             Temple (0/1) D:4

Altars:
Cheibriados
Gozag
Vehumet


Innate Abilities, Weirdness & Mutations

You have hooves in place of feet.
Armour fits poorly on your strangely shaped body.
You cover ground very quickly.
You have extremely tough skin (AC +3).


Message History

The orc closely misses you.
You slash the orc!
You kill the orc!
Trog accepts your kill. The orc hits you with a flail.
* * * LOW HITPOINT WARNING * * *
You slash the orc!
You feel the power of Trog in you as your rage grows.
You kill the orc!
Trog accepts your kill. The orc hits you but does no damage.
The orc hits you from afar with a trident.
* * * LOW HITPOINT WARNING * * *
You closely miss the orc. Your kick misses the orc. The orc barely misses you.
The quokka barely misses you.
The orc wizard casts a spell.
The orc wizard blinks!
The orc hits you but does no damage.
You closely miss the orc. Your kick misses the orc.
The orc hits you with a hand axe.
You die...

.#.......###... ..
#.........o##....
..
#.....###........
.. #....$
#......... #.
.....#.##ยง..!.....
..
###..#.#.^......>.
# #.....o.o.......
#.....oo........
#.o..o@r<.......
.>..#.####....... .
.. ....... ..#
....... #. #......
. ...... ..|...
[.....


You could see 2 orc wizards, 5 orcs and a quokka.

Vanquished Creatures
  3 orc wizards
  An orc priest (D:3)
  Natasha (thrice) (D:2)
  A worker ant (D:4)
  3 gnolls (D:2)
  4 adders (D:2)
  2 worms (D:2)
  3 giant geckos
  6 orcs
  5 goblins
  8 hobgoblins
  2 jackals (D:2)
  12 kobolds
  6 bats
  5 giant cockroaches
  3 giant newts
  5 rats
72 creatures vanquished.

Notes
Turn   | Place    | Note
--------------------------------------------------------------
     0 | D:1      | Kokonut the Centaur Berserker began the quest for the Orb.
     0 | D:1      | Reached XP level 1. HP: 19/19 MP: 1/1
   111 | D:1      | Reached XP level 2. HP: 23/26 MP: 2/2
   399 | D:2      | Found an opulent altar of Gozag.
   533 | D:2      | Reached XP level 3. HP: 14/31 MP: 3/3
   827 | D:2      | Reached ** piety under Trog
   854 | D:2      | Reached XP level 4. HP: 12/40 MP: 4/4
  1206 | D:2      | Noticed Natasha
  1212 | D:2      | Killed Natasha
  1212 | D:2      | Reached skill level 4 in Fighting
  1359 | D:2      | Reached XP level 5. HP: 46/46 MP: 5/5
  1475 | D:2      | Noticed Natasha
  1486 | D:2      | Killed Natasha
  1534 | D:2      | Noticed Natasha
  1540 | D:2      | Killed Natasha
  2143 | D:3      | Found a radiant altar of Vehumet.
  2410 | D:3      | Found a snail-covered altar of Cheibriados.
  2497 | D:3      | Reached skill level 5 in Long Blades
  2497 | D:3      | Reached XP level 6. HP: 42/53 MP: 6/6
  2638 | D:4      | Found a staircase to the Ecumenical Temple.
  2645 | D:4      | Reached *** piety under Trog
  2646 | D:4      | HP: 2/79 [orc/trident (5)]
  2648 | D:4      | Slain by an orc

Action                   |  1- 3 |  4- 6 || total
-------------------------+-------+-------++-------
Melee: Falchion          |    92 |   152 ||   244
Invok: Berserk           |     1 |     3 ||     4
  Eat: Chunk             |       |     7 ||     7
